 Dungeon Crawl Stone Soup version 0.27.1-2-g3b301248ec (webtiles) character file.

Game seed: 16075116511695902912

87 Mesmaeker13 the Caller (level 4, 0/30 HPs)
             Began as a Barachi Summoner on Oct 1, 2021.
             Shot with an arrow by a centaur (2 damage)
             ... on level 3 of the Dungeon.
             The game lasted 00:03:02 (2124 turns).

Mesmaeker13 the Caller (Barachi Summoner)           Turns: 2124, Time: 00:03:02

Health: 0/30       AC:  7    Str:  9    XL:     4   Next: 51%
Magic:  2/8        EV: 13    Int: 17    God:
Gold:   97         SH:  0    Dex: 12    Spells: 3/9 levels left

rFire    . . .     SeeInvis .   f - +1 war axe
rCold    . . .     Faith    .   (no shield)
rNeg     . . .     Spirit   .   c - +0 steam dragon scales
rPois    .         Reflect  .   k - +1 hat
rElec    .         Harm     .   (no cloak)
rCorr    .         Rampage  .   (no gloves)
Will     +....                  n - +0 pair of boots
Stlth    ++........             (no amulet)
HPRegen  0.10/turn              d - ring of willpower
MPRegen  0.11/turn              (no ring)

@: slow
A: amphibious, slowness 1, strong legs 1, +LOS
a: Hop


You were on level 3 of the Dungeon.
You visited 1 branch of the dungeon, and saw 3 of its levels.

You collected 97 gold pieces.

Inventory:

Hand Weapons
 f - a +1 war axe (weapon)
Missiles
 j - 23 poisoned darts
Armour
 c - +0 steam dragon scales (worn)
 k - a +1 hat (worn)
 n - a +0 pair of boots (worn)
Jewellery
 d - a ring of willpower (left hand)
Scrolls
 a - a scroll of enchant weapon
 l - a scroll of teleportation {unknown}
 m - a scroll of noise {unknown}
 o - a scroll of vulnerability {unknown}
Potions
 e - a potion of attraction {unknown}
 g - a potion of curing {unknown}
 h - 3 potions of haste {unknown}
 i - a potion of heal wounds {unknown}


   Skills:
 + Level 3.4 Dodging
 - Level 1.7 Stealth
 + Level 3.2 Spellcasting
 + Level 5.6 Summonings


You had 3 spell levels left.
You knew the following spells:

 Your Spells              Type           Power      Damage    Failure   Level
a - Summon Small Mammal   Summ           84%        N/A       1%          1
b - Call Imp              Summ           21%        N/A       2%          2
c - Call Canine Familiar  Summ           21%        N/A       4%          3

Your spell library contained the following spells:

 Spells                   Type           Power      Damage    Failure   Level
 Summon Guardian Golem    Hex/Summ       12%        N/A       16%         3
 Summon Lightning Spire   Summ/Air       12%        N/A       47%         4


Dungeon Overview and Level Annotations

Branches:
Dungeon (3/15)

Altars:

Shops:
D:1 !


Innate Abilities, Weirdness & Mutations

You are amphibious.
You cover ground slowly.
You can hop short distances.
You have an extended range of vision and can be seen from far away.


Message History

You hit the centaur.
The centaur is moderately wounded.
The centaur misses you. The centaur closely misses you.
Your crimson imp closely misses the centaur.
The centaur barely misses you. x2; Your crimson imp hits the centaur.
You hit the centaur.
The centaur is moderately wounded.
The centaur misses you.
The centaur kicks you but does no damage.
The centaur barely misses you.
The centaur kicks you but does no damage.
Your crimson imp blinks! x2
You closely miss the centaur.
The centaur is moderately wounded.
The centaur hits you.
* * * LOW HITPOINT WARNING * * *
The centaur kicks you but does no damage.
The centaur hits you.
* * * LOW HITPOINT WARNING * * *
The centaur kicks you but does no damage.
The centaur closely misses you. The centaur barely misses you.
As you read the scroll of fear, it crumbles to dust.
You assume a fearsome visage.
The centaur looks frightened!
The centaur prays for help.
Your crimson imp misses the centaur.
Cornered, the centaur turns to fight!
The centaur wields a +0 shortbow.
The centaur shoots an arrow.
The arrow hits your crimson imp!
Your crimson imp dies!
The centaur shoots an arrow.
The arrow barely misses your crimson imp.
The arrow hits you.
* * * LOW HITPOINT WARNING * * *
The centaur unwields a +0 shortbow.
The centaur hits your crimson imp. The centaur kicks your crimson imp.
Your crimson imp hits the centaur.
The centaur barely misses your crimson imp.
The centaur kicks your crimson imp.
Your crimson imp barely misses the centaur.
The centaur wields a +0 shortbow.
The centaur shoots an arrow.
The arrow misses your crimson imp. The arrow hits you.
You die...

#...# #...#
########...#
......#...#
######........#
#c5....@#.#...#
#.#...###.#.#)#
#)#.........#.#
.......))#........†#.#
.##.######.#####..<..#
#.###########
#..........
###########


You could see a centaur (ally target) and a friendly crimson imp (summoned).

Vanquished Creatures
  A dart slug (D:1)
  4 endoplasms
  2 giant cockroaches
  2 goblins
  A quokka (D:2)
  A ball python (D:2)
  3 bats (D:2)
  2 rats (D:1)
16 creatures vanquished.

Vanquished Creatures (collateral kills)
  A water moccasin zombie (D:3)
  An adder (D:2)
  A worm (D:2)
  5 orcs (D:3)
  An endoplasm (D:1)
  2 giant cockroaches (D:1)
  4 hobgoblins
  3 kobolds
  3 quokkas
  4 ball pythons
  2 frilled lizards (D:1)
  4 goblins
  3 rats
34 creatures vanquished.

Vanquished Creatures (others)
  A fungus (D:3)
1 creature vanquished.

Grand Total: 51 creatures vanquished

Notes
Turn   | Place    | Note
-------+----------+-------------------------------------------
     0 | D:1      | Mesmaeker13 the Barachi Summoner began the quest for the
                  | Orb.
     0 | D:1      | Reached XP level 1. HP: 13/13 MP: 3/3
   255 | D:1      | Found a faded altar of an unknown god.
   278 | D:1      | Found Azetaret's Distillery.
   419 | D:1      | Reached skill level 5 in Summonings
   420 | D:1      | Reached XP level 2. HP: 19/19 MP: 0/5
  1198 | D:1      | Learned a level 2 spell: Call Imp
  1210 | D:2      | Reached XP level 3. HP: 24/24 MP: 4/6
  2039 | D:3      | Learned a level 3 spell: Call Canine Familiar
  2113 | D:3      | Noticed a centaur
  2114 | D:3      | Reached XP level 4. HP: 20/30 MP: 1/8
  2124 | D:3      | Shot with an arrow by a centaur

Illustrated notes

Levels and vault maps discovered:
D:1:      minmay_arrival_plants_in_alcoves, layout_rooms,
          hellmonk_ecumenical_altar_pennies_from_heaven, serial_curves,
          eino_curves_03, eino_curves_03, serial_shops, shop
D:2:      layout_rooms
D:3:      layout_basic, fedhas_altar_1, general_overflow_altar,
          mainiacjoe_overflow_cross_hatched, uniq_ijyb

Skill      XL: |  1  2  3 |
---------------+----------+-----
Summonings     | 5 |  5.6
Dodging        | 3 |  3.4
Spellcasting   | 3 |  3.2
Stealth        | |  1.7

Action                   |  1- 3 |  4- 6 || total
-------------------------+-------+-------++-------
Melee: Unarmed           |     4 |       ||     4
       Dagger            |    22 |       ||    22
       War axe           |    62 |     4 ||    66
 Cast: Summon Small Mamm |    25 |       ||    25
       Call Imp          |    18 |       ||    18
  Use: Scroll            |     2 |     1 ||     3
 Stab: Sleeping          |     2 |       ||     2
Armor: Steam dragon scal |    39 |    11 ||    50
Dodge: Dodged            |    75 |     8 ||    83
